 Dungeon Crawl Stone Soup version 0.31-a0-609-g7bf6ffcfed (console) character file.

Game seed: 1938066760695282058

147 petzl the Sneak (level 5, -2/41 HPs)
             Began as a Formicid Delver on Aug 22, 2023.
             Slain by Menkaure (10 damage)
             ... on level 3 of the Dungeon.
             The game lasted 00:07:39 (3039 turns).

petzl the Sneak (Formicid Delver)                   Turns: 3039, Time: 00:07:40

Health: -2/41      AC:  5    Str: 16    XL:     5   Next: 55%
Magic:  11/11      EV: 12    Int: 12    God:
Gold:   39         SH:  0    Dex: 16    Spells: 12/12 levels left

rFire   . . .        b - +6 sling of Wofyjuyn {elec, Dex+3}
rCold   . . .        (no shield)
rNeg    + + +        q - +3 robe of Reimen {rN+++ Regen+ Dex-2 SInv}
rPois   .            (helmet unavailable)
rElec   .            (no cloak)
rCorr   .            (no gloves)
SInv    +            (no boots)
Will    .....        (no amulet)
Stlth   +++          (no ring)
HPRegen 1.06/turn    (no ring)
MPRegen 0.12/turn

%: no passive effects
@: no status effects
A: permanent stasis, dig shafts and tunnels, antennae 3, four strong arms
a: Dig, Shaft Self


You were on level 3 of the Dungeon.
You visited 1 branch of the dungeon, and saw 5 of its levels.

You collected 162 gold pieces.
You spent 123 gold pieces at shops.

Inventory:

Hand Weapons
 a - a +2 mace of protection
 b - the +6 sling of Wofyjuyn (weapon) {elec, Dex+3}
   (You bought it in a shop on level 3 of the Dungeon)

   Dex+3:     It affects your dexterity (+3).
Armour
 q - the +3 robe of Reimen (worn) {rN+++ Regen+ Dex-2 SInv}
   (You found it on level 2 of the Dungeon)

   Dex-2:     It affects your dexterity (-2).
   rN+++:     It renders you almost immune to negative energy.
   SInv:      It lets you see invisible.
   Regen+:    It increases your rate of health regeneration.
Wands
 f - a wand of digging (3)
Scrolls
 c - a scroll of fog
 d - a scroll of revelation
 e - a scroll of fear
 g - 3 scrolls of identify {unknown}
 h - 4 scrolls of teleportation {unknown}
 k - a scroll of summoning {unknown}
 l - 3 scrolls of immolation {unknown}
 o - a scroll of torment {unknown}
 r - a scroll of vulnerability {unknown}
Potions
 i - 2 potions of curing {unknown}
 j - a potion of might {unknown}
 m - a potion of resistance {unknown}
 n - a potion of attraction {unknown}
 p - 2 potions of lignification {unknown}


   Skills:
 - Level 3.3 Fighting
 - Level 2.1 Maces & Flails
 + Level 1.3 Ranged Weapons
 - Level 1.9 Dodging
 - Level 6.1 Stealth
 + Level 4.2 Spellcasting


You had 12 spell levels left.
You didn't know any spells.
Your spell library contained the following spells:

 Spells                   Type           Power      Damage    Failure   Level
 Ensorcelled Hibernation  Hex/Ice        4%         N/A       32%         2
 Passwall                 Tmut/Erth      1%         N/A       32%         2
 Arcjolt                  Conj/Air       1%         1d11      99%         5
 Plasma Beam              Fire/Air       1%         2x1d11    100%        6
 Swiftness                Air            Unusable   N/A       N/A         3
 Vhi's Electric Charge    Tloc/Air       Unusable   N/A       N/A         3

Dungeon Overview and Level Annotations

Branches:
Dungeon (5/15)
 Temple: D:4-7

Altars:

Shops:
D:3 (

Annotations:
D:3 Menkaure


Innate Abilities, Weirdness & Mutations

You cannot be hasted, slowed, berserked, paralysed or teleported.
You can dig through walls and to a lower floor.
You have a pair of large antennae on your head. (SInv)
Your four strong arms can wield two-handed weapons with a shield.


Message History

You kill the iguana!
Your Ranged Weapons skill increases to level 1!
(D) Dungeon
Where to? (Tab/Enter - D:3 @ (x,y), ? - help) HP restored.
A ball python comes into view.
(D) Dungeon
Where to? (Tab/Enter - D:3, ? - help)
A ball python is nearby!
Your +2 mace of protection goes still.
You feel agile.
You hear the crackle of electricity.
b - the +6 sling of Wofyjuyn (weapon)
{elec, Dex+3}
There is a stone staircase leading down here.
You climb downwards.
There is a stone staircase leading up here.
You shoot a sling bullet. The sling bullet hits the white imp.
Lightning courses through the white imp!!
You kill the white imp!
You climb upwards.
There is a stone staircase leading down here.
You now have 39 gold pieces (gained 5).
Menkaure, Prince of Dust comes into view.
Menkaure shouts!
Unknown command.
Unknown command.
Menkaure hits you!
Menkaure gestures wildly while chanting.
Menkaure seems to speed up.
There is an escape hatch in the ceiling here.
Menkaure hits you!!
Ouch! That really hurt!
* * * LOW HITPOINT WARNING * * *
A mysterious force pulls you upwards. The hatch slams shut behind you.
Are you sure you want to shaft yourself?
Menkaure hits you.
* * * LOW HITPOINT WARNING * * *
You begin to dig a shaft.
You continue digging a shaft.
Menkaure hits you!
You die...

..............#...#(....#...#.......>
....######.#....≈....#....≈....#.###.
.......##.....#...#.....#...#..#.##..
..........≈.≈.......≈.≈........#....#
##.............≈.≈.......≈.≈.....####
##.....(.#...#.....#...#......(#.#
...........≈....#....≈....#......#
.............#.....#...#.........#
...##..........≈.≈.......≈.......# #
...##.......†..........#.........# #
<.......................#........####
...##...........####.............#.##
................# #...........#.#.##
+###............####[................
.....###.........................####
......................#.####.....#...
...........#...#......#..........#.##
..................M...#..........#.##
).............#...@...#.....#....#.#.
)...............>.).#.#.....#....#.#.
∩.......###...........#.#####....#.#.
........# #...........#...# #....#.#.
..#.....# #...........#...# #....#.#.
..+..######...........#...# #....#.#.
..#######...###.......#...###....#.#.
................[................#.#.
###................................##
.##..............#'#.................
.##.......#......#.#...............##
.####...###......#...######........#
..#.......#......#...# #.......###
..).......#.....†#...# ##.........
..........#.....##...# #.......##
..........########...# #.......#
.......#### #...# #...#####
.......###########...# #####
.....>.............###


You could see Menkaure (fast).

Vanquished Creatures
  An iguana (D:4)
  4 gnolls
  An adder (D:2)
  A white imp (D:5)
  2 worms (D:2)
  A dart slug (D:1)
  7 orcs (D:3)
  6 ball pythons
  4 bats
  4 endoplasms
  4 giant cockroaches
  3 goblins
  A hobgoblin (D:2)
  4 jackals
  2 kobolds
  A quokka (D:2)
  A frilled lizard (D:3)
  5 rats
52 creatures vanquished.

Notes
Turn   | Place    | Note
-------+----------+-------------------------------------------
     0 | D:5      | petzl the Formicid Delver began the quest for the Orb.
     0 | D:5      | Reached XP level 1. HP: 18/18 MP: 1/1
     9 | D:4      | Noticed an iguana
   289 | D:2      | Reached XP level 2. HP: 24/24 MP: 2/2
   328 | D:2      | Reached skill level 1 in Spellcasting
   676 | D:1      | Reached XP level 3. HP: 29/29 MP: 5/5
   985 | D:1      | Found a faded altar of an unknown god.
  1301 | D:2      | Identified the +3 robe of Reimen {rN+++ Regen+ Dex-2 SInv}
  1828 | D:2      | Reached XP level 4. HP: 28/35 MP: 8/8
  2298 | D:3      | Reached XP level 5. HP: 41/41 MP: 10/10
  2438 | D:3      | Found Biphyqed's Antique Weapon Shoppe.
  2861 | D:3      | Bought a faintly glowing sling for 123 gold pieces
  2861 | D:3      | Identified the +6 sling of Wofyjuyn {elec, Dex+3} (You
                  | bought it in a shop on level 3 of the Dungeon)
  2980 | D:4      | Reached skill level 1 in Ranged Weapons
  3018 | D:4      | Noticed Menkaure
  3039 | D:3      | Slain by Menkaure

Illustrated notes

Levels and vault maps discovered:
D:1:      saegor_arrival_fortress, layout_basic,
          hellmonk_ecumenical_altar_run_dry
D:2:      layout_loops_corners, kennysheep_generic_room_11
D:3:      layout_basic, serial_shops, shop, nicolae_kite_square_tiling_tiny
D:4:      layout_loops_cross, cheibrodos_sewer_entry_sluice, minmay_checkerbox,
          uniq_menkaure
D:5:      kennysheep_windowed_halls, layout_layer_cave, serial_shops,
          nicolae_shop_back_alley_shop

Skill      XL: |  1  2  3  4  5 |
---------------+----------------+-----
Spellcasting   | 1 3 4 |  4.2
Ranged Weapons | 1 |  1.3
Fighting       | |  3.3
Maces & Flails | |  2.1
Dodging        | |  1.9
Stealth        | |  6.1

Action                     |  1- 3 |  4- 6 || total
---------------------------+-------+-------++-------
  Melee: Mace              |    77 |    26 ||   103
   Fire: Shortbow          |       |    24 ||    24
         Sling             |       |     7 ||     7
Ability: Dig               |     1 |       ||     1
         Shaft Self        |       |     1 ||     1
   Stab: Sleeping          |    14 |     1 ||    15
 Armour: Leather armour    |    22 |     7 ||    29
         Robe              |       |     1 ||     1
  Dodge: Dodged            |    45 |    18 ||    63

Table legend: (Time is in decaauts)
 A = Elapsed time spent in this place.
 B = Non-inter-level travel time spent in this place.
 C = Inter-level travel time spent in this place.
 D = Time resting spent in this place.
 E = Time spent auto-exploring this place.
 F = Levels seen in this place.
 G = Mean time per level.
                   A        B        C        D        E       F      G
               +--------+--------+--------+--------+--------+-----+--------+
         Total |   3076 |   2808 |    268 |    165 |   1985 |   5 |  615.2 |
       Dungeon |   3076 |   2808 |    268 |    165 |   1985 |   5 |  615.2 |
               +--------+--------+--------+--------+--------+-----+--------+

Top non-repeatable levels by time:
     D:2: 1153 daAuts
     D:1: 842 daAuts
     D:3: 800 daAuts
     D:4: 272 daAuts
     D:5: 8 daAuts
